 Dungeon Crawl Stone Soup version 0.31-a0-496-g6f97920a28 (webtiles) character file.

Game seed: 2167364630845054589

4 AstroCodex24 the Trooper (level 1, 0/17 HPs)
             Began as a Vampire Fighter on Aug 8, 2023.
             Succumbed to Terence's poison
             ... on level 3 of the Dungeon.
             The game lasted 00:00:50 (205 turns).

AstroCodex24 the Trooper (Vampire Fighter)           Turns: 205, Time: 00:00:51

Health: 0/17       AC:  6    Str: 15    XL:     1   Next: 58%
Magic:  1/1        EV:  8    Int: 10    God:
Gold:   20         SH:  4    Dex: 13    Spells: 0/0 levels left

rFire   . . .        a - +0 war axe
rCold   . . .        c - +0 buckler
rNeg    . . .        b - +0 scale mail
rPois   .            (no helmet)
rElec   .            (no cloak)
rCorr   .            (no gloves)
SInv    +            (no boots)
Will    .....        (no amulet) Stlth
                     (no ring)
HPRegen 0.42/turn    (no ring)
MPRegen 0.07/turn

%: no passive effects
@: lethally poisoned (0 -> -19), healing quickly
A: alive, fangs 3, see invisible, vampiric 1
a: Exsanguinate


You were on level 3 of the Dungeon.
You visited 1 branch of the dungeon, and saw 3 of its levels.

You collected 20 gold pieces.

Inventory:

Hand Weapons
 a - a +0 war axe (weapon)
Armour
 b - a +0 scale mail (worn)
 c - a +0 buckler (worn)
Scrolls
 h - a scroll of blinking {unknown}
 i - a scroll of enchant armour {unknown}
Potions
 d - a potion of might
 e - a potion of degeneration {unknown}
 f - a potion of mutation {unknown}
 g - a potion of curing {unknown}


   Skills:
 + Level 2.9 Fighting
 + Level 1.7 Axes
 + Level 2.4 Armour
 + Level 2.7 Shields


You couldn't memorise any spells.
You didn't know any spells.
Your spell library was empty.

Dungeon Overview and Level Annotations

Branches:
Dungeon (3/15)

Altars:

Annotations:
D:3 Terence


Innate Abilities, Weirdness & Mutations

Your natural rate of healing is accelerated.
You have razor-sharp teeth.
You have supernaturally acute eyesight. (SInv)
You are afflicted with vampirism.


Message History

Found a scroll labelled LIWUOFRIFISOR.
Found a spear.
The bat closely misses you. You block the bat's attack.
The bat closely misses you. The bat hits you but does no damage.
The bat closely misses you.
Found a leather armour.
You block the bat's attack.
You barely miss the bat. The bat hits you but does no damage. x3
The bat hits you but does no damage.
You see here a scroll labelled JUORPH KEWU.
The bat hits you but does no damage. The bat hits you but does no damage.
You see here a scroll labelled JUORPH KEWU.
The bat hits you but does no damage. The bat hits you but does no damage.
You see here a scroll labelled JUORPH KEWU.
You hit the bat but do no damage. Your bite misses the bat.
The bat barely misses you. x2
You hit the bat.
You kill the bat!
h - a scroll labelled JUORPH KEWU
i - a scroll labelled LIWUOFRIFISOR
Found a dagger and a hand axe.
Terence the Incautious comes into view.
He is wielding a +1 flail of venom.
Found a stone staircase leading up.
Found an emerald potion.
Terence shouts, "Now you die!" Terence barely misses you.
You closely miss Terence.
Terence hits you with a +1 flail of venom.
You are poisoned.
Terence barely misses you.
You hit Terence but do no damage.
You feel very sick.
Terence hits you with a +1 flail of venom!
* * * LOW HITPOINT WARNING * * *
You are more poisoned.
You hit Terence.
Terence is moderately wounded.
You die...

...# # #######...#
.#<........#
.....)....# #####
####..)....# #...#
.!.'.......#
#...########.......#
+..............@@#
#...##############
#...##### ........#
........# ........#
........# ...[....#
........#


You could see Terence.

Vanquished Creatures
  2 bats
  An endoplasm (D:3)
  A rat (D:2)
4 creatures vanquished.

Notes
Turn   | Place    | Note
-------+----------+-------------------------------------------
     0 | D:1      | AstroCodex24 the Vampire Fighter began the quest for the
                  | Orb.
     0 | D:1      | Reached XP level 1. HP: 17/17 MP: 1/1
   197 | D:3      | Noticed Terence
   205 | D:3      | Succumbed to Terence's poison

Illustrated notes

Levels and vault maps discovered:
D:1:      dpeg_arrival_water_fire, layout_loops_ring, serial_shops,
          nicolae_shop_real_fake_doors, nicolae_shop_overgrown_old_shop, shop,
          minmay_tiny_reverse_x
D:2:      layout_loops_ring, uniq_jessica
D:3:      layout_basic, uniq_terence, uniq_crazy_yiuf_cottage, uniq_grinder

Action                     || total
---------------------------++-------
  Melee: War axe           ||    10
 Armour: Scale mail        ||    11
  Dodge: Dodged            ||     8
  Block: Buckler           ||     3

Table legend: (Time is in decaauts)
 A = Elapsed time spent in this place.
 B = Non-inter-level travel time spent in this place.
 C = Inter-level travel time spent in this place.
 D = Time resting spent in this place.
 E = Time spent auto-exploring this place.
 F = Levels seen in this place.
 G = Mean time per level.
                   A        B        C        D        E       F      G
               +--------+--------+--------+--------+--------+-----+--------+
         Total |    208 |    208 |      0 |      0 |      0 |   3 |   69.3 |
       Dungeon |    208 |    208 |      0 |      0 |      0 |   3 |   69.3 |
               +--------+--------+--------+--------+--------+-----+--------+

Top non-repeatable levels by time:
     D:3: 92 daAuts
     D:1: 81 daAuts
     D:2: 35 daAuts
